 Dungeon Crawl Stone Soup version 0.19-a0-1779-g7aee5af (webtiles) character file.

27 JeffiDaFish the Firebug (level 2, -2/22 HPs)
             Began as a Draconian Fire Elementalist on Oct 3, 2016.
             Slain by a kobold
             ... wielding a +0 whip
              (4 damage)
             ... on level 2 of the Dungeon.
             The game lasted 00:02:32 (881 turns).

JeffiDaFish the Firebug (DrFE)                       Turns: 881, Time: 00:02:32

Health: -2/22      AC:  5    Str: 10    XL:     2   Next: 93%
Magic:  1/5        EV: 12    Int: 15    God:
Gold:   59         SH:  0    Dex: 11    Spells: 1 memorised, 4 levels left

rFire  . . .     SeeInvis .     d - +0 short sword
rCold  . . .     Gourm    .     (armour unavailable)
rNeg   . . .     Faith    .     (no shield)
rPois  .         Spirit   .     (helmet restricted)
rElec  .         Dismiss  .     (no cloak)
rCorr  .         Reflect  .     c - +0 pair of gloves
MR     .....     Harm     .     (no boots)
Stlth  ++........               (no amulet)
                                (no ring)
                                (no ring)

@: no status effects
A: unfitting armour, cold-blooded, AC +4
a: no special abilities


You were on level 2 of the Dungeon.
You were not hungry.

You visited 1 branch of the dungeon, and saw 2 of its levels.

You collected 59 gold pieces.

Inventory:

Hand Weapons
 d - a +0 short sword (weapon)
Armour
 c - a +0 pair of gloves (worn)
Potions
 e - a potion of curing {unknown}
Books
 a - a book of Flames

   Spells                             Type                      Level
   a - Flame Tongue                   Conjuration/Fire             1
   b - Throw Flame                    Conjuration/Fire             2
   c - Conjure Flame                  Conjuration/Fire             3
   d - Inner Flame                    Hexes/Fire                   3
   e - Sticky Flame                   Conjuration/Fire             4
   f - Fireball                       Conjuration/Fire             5
Comestibles
 b - 2 bread rations
 f - a chunk of flesh
 g - a meat ration


   Skills:
 + Level 0.7 Fighting
 + Level 0.2 Short Blades
 + Level 2.0 Dodging
 + Level 1.8 Stealth
 + Level 2.2 Spellcasting
 + Level 1.0 Conjurations
 + Level 3.5 Fire Magic


You had 4 spell levels left.
You knew the following spells:

 Your Spells              Type           Power        Failure   Level  Hunger
a - Flame Tongue          Conj/Fire      #....        12%         1    #......


Dungeon Overview and Level Annotations

Branches:
Dungeon (2/15)

Altars:


Innate Abilities, Weirdness & Mutations

Your plain brown scales are hard. (AC +4)
You cannot fit into any form of body armour.
You are cold-blooded and may be slowed by cold attacks.


Message History

The kobold is moderately wounded.
The kobold barely misses you.
You barely miss the kobold.
The kobold is moderately wounded.
The kobold barely misses you.
Casting: Flame Tongue
Confirm with . or Enter, or press ? or * to list all spells.
Aiming: Flame Tongue
Press: ? - help, Shift-Dir - straight line, f - kobold
Aim: a kobold, wielding a whip (moderately wounded)
The flame tongue misses the kobold.
The kobold barely misses you.
Casting: Flame Tongue
Confirm with . or Enter, or press ? or * to list all spells.
Aiming: Flame Tongue
Press: ? - help, Shift-Dir - straight line, f/p - kobold
Aim: a kobold, wielding a whip (moderately wounded)
The flame tongue hits the kobold.
The kobold is heavily wounded.
The kobold hits you with a whip.
You die...

#........#
.....
#...#.##.#
.......
#.#...##.#
###.###
#...####.# .#
#..## #.# #
#..#####.#
#........#
##K#######
#@#.##
####..<.####
..............+
#######....####
#.#.## #.###
#.# #.# ..#


You could see a kobold.

Vanquished Creatures
  An adder (D:2)
  A leopard gecko (D:1)
  2 giant cockroaches
  2 hobgoblins (D:1)
  A quokka (D:2)
  A ball python (D:1)
  3 bats (D:1)
  4 kobolds (D:1)
  2 rats (D:1)
17 creatures vanquished.

Notes
Turn   | Place    | Note
-------+----------+-------------------------------------------
     0 | D:1      | JeffiDaFish the Draconian Fire Elementalist began the quest for the Orb.
     0 | D:1      | Reached XP level 1. HP: 14/14 MP: 3/3
   240 | D:1      | Reached XP level 2. HP: 18/20 MP: 5/5
   881 | D:2      | Slain by a kobold

Vault maps used:
D:1:      elethiomel_arrival_shortcut, st_stairs_4
D:2:      minmay_pentomino_x4, uniq_robin

Skill      XL: |  1 |
---------------+----+-----
Dodging        | 2 |  2.0
Fighting       | |  0.7
Short Blades   | |  0.2
Stealth        | |  1.8
Spellcasting   | |  2.2
Conjurations   | |  1.0
Fire Magic     | |  3.5

Action                   || total
-------------------------++-------
Melee: Short sword       ||    44
       Unarmed           ||     4
       Tailslap          ||     3
 Cast: Flame Tongue      ||    12
  Use: Potion            ||     1
       Scroll            ||     1
 Stab: Sleeping          ||     1
Armor: Skin              ||    12
Dodge: Dodged            ||    39
